 Dungeon Crawl Stone Soup version 0.29.1-1-gd02db6906a (webtiles) character file.

Game seed: 5673121001333189041

8411 quakins the Severer (level 11, 0/83 HPs)
             Began as a Hill Orc Fighter on Oct 6, 2022.
             Was a Follower of Beogh.
             Slain by a harpy simulacrum (10 damage)
             ... led by a necromancer
             ... on level 2 of the Abyss.
             The game lasted 00:22:26 (11939 turns).

quakins the Severer (Hill Orc Fighter)             Turns: 11939, Time: 00:22:27

Health: 0/83       AC: 15    Str: 24    XL:     11   Next: 30%
Magic:  13/13      EV: 11    Int:  4    God:    Beogh [*.....]
Gold:   690        SH:  0    Dex: 10    Spells: 10/10 levels left

rFire   + + .      SeeInvis .   E - +4 battleaxe (freeze)
rCold   + . .      Faith    .   (shield currently unavailable)
rNeg    . . .      Spirit   .   f - +0 plate armour
rPois   .          Reflect  .   (no helmet)
rElec   .          Harm     .   x - scarf {rC+ rF+}
rCorr   .          Rampage  .   B - +0 pair of gloves
Will    .....                   t - +0 pair of boots
Stlth   ..........              (no amulet)
HPRegen 0.23/turn               z - ring of protection from fire
MPRegen 0.13/turn               a - +4 ring of evasion

@: no status effects
A: [dopey 2], [frail 2], [low MP 2]
a: Renounce Religion


You were on level 2 of the Abyss.
You worshipped Beogh.
Beogh was aware of your devotion.
You visited 1 branch of the dungeon, and saw 11 of its levels.
You visited the Abyss 1 time.

You collected 690 gold pieces.

Inventory:

Hand Weapons
 E - a +4 battleaxe of freezing (weapon)
Armour
 f - a +0 plate armour (worn)
 t - a +0 pair of boots (worn)
 x - a scarf of resistance (worn)
 B - a +0 pair of gloves (worn)
Jewellery
 a - a +4 ring of evasion (right hand)
 z - a ring of protection from fire (left hand)
Wands
 d - a wand of paralysis (9)
 v - a wand of flame (34)
 w - a wand of iceblast (2)
 C - a wand of mindburst (40)
Scrolls
 b - 5 scrolls of teleportation
 h - a scroll of noise {unknown}
 j - 5 scrolls of enchant armour
 k - 3 scrolls of immolation
 l - a scroll of fear {unknown}
 o - 2 scrolls of magic mapping {unknown}
 p - 2 scrolls of identify
 q - 4 scrolls of fog
 s - a scroll of vulnerability {unknown}
 y - a scroll of silence {unknown}
 A - 4 scrolls of amnesia {unknown}
 D - a scroll of brand weapon
 F - a scroll of torment {unknown}
Potions
 c - a potion of invisibility {unknown}
 e - 4 potions of attraction {unknown}
 g - 2 potions of mutation
 i - a potion of ambrosia {unknown}
 m - 5 potions of heal wounds
 n - 3 potions of curing
 r - a potion of magic {unknown}
 u - 2 potions of degeneration {unknown}


   Skills:
 - Level 12.0 Fighting
 - Level 16.0 Axes
 - Level 6.0 Armour
 - Level 3.3 Shields
 * Level 7.3 Invocations


You had 10 spell levels left.
You didn't know any spells.
Your spell library contained the following spells:

 Spells                   Type           Power      Damage    Failure   Level
 Slow                     Hex            0%         N/A       100%        1
 Summon Small Mammal      Summ           0%         N/A       100%        1
 Blink                    Tloc           0%         N/A       100%        2
 Ensorcelled Hibernation  Hex/Ice        0%         N/A       100%        2
 Call Canine Familiar     Summ           0%         N/A       100%        3
 Confusing Touch          Hex            0%         N/A       100%        3
 Conjure Flame            Conj/Fire      0%         6-21      100%        3
 Ignite Poison            Fire/Tmut/Pois 0%         N/A       100%        3
 Lesser Beckoning         Tloc           0%         N/A       100%        3
 Spider Form              Tmut/Pois      0%         N/A       100%        3
 Summon Guardian Golem    Hex/Summ       0%         N/A       100%        3
 Vampiric Draining        Necr           0%         2d6       100%        3
 Anguish                  Hex/Necr       0%         N/A       100%        4
 Sticky Flame             Conj/Fire      0%         2d3       100%        4
 Manifold Assault         Tloc           0%         N/A       100%        5
 Orb of Destruction       Conj           0%         9d5       100%        7
 Spellforged Servitor     Conj/Summ      0%         N/A       100%        7


Dungeon Overview and Level Annotations

Branches:
Dungeon (11/15)            Temple (0/1) D:4            Lair (0/5) D:9
    Orc (0/2) D:9

Altars:
Cheibriados
Kikubaaqudgha
Makhleb
Okawaru
Qazlal
Sif Muna
Xom

Shops:
D:11 [

Portals:
Abyss: D:3

Annotations:
D:3 2 transporters, tardwrangler69's ghost, amateur OpEE
D:7 1 runed translucent door, lanetrain's ghost, novice MfSu
D:8 2 transporters, Godmorgon's ghost, novice DjIE
D:9 1 runed translucent door, hawla's ghost, journeyman MeFE


Innate Abilities, Weirdness & Mutations

[You are very dopey. (Int -4)]
[You are very frail. (-20% HP)]
[Your magical capacity is very low. (-20% MP)]


Message History

The tentacled starspawn barely misses you.
The worldbinder calls forth creatures from the Elven Halls!
The starspawn tentacle grabs you. The starspawn tentacle constricts you.
There is a gateway leading deeper into the Abyss here.
You can't go up here!
You escape the starspawn tentacle's grasp.
The tentacled starspawn bites you.
The tentacled starspawn tentacle-slaps you but does no damage.
The harpy simulacrum claws you! The harpy simulacrum freezes you. You resist.
The harpy simulacrum claws you but does no damage.
The wretched star pulses with an eldritch light!
You feel stupid. x2; You feel frail. x2
The worldbinder calls forth creatures from the Elven Halls!
The starspawn tentacle grabs you.
You stop descending the stairs.
The starspawn tentacle constricts you.
The starspawn tentacle's grasp on you weakens, but your attempt to escape fails.
The deep elf knight disappears in a puff of smoke!
The harpy simulacrum claws you! The harpy simulacrum freezes you! You resist.
The harpy simulacrum claws you. The harpy simulacrum freezes you! You resist.
The harpy simulacrum claws you but does no damage.
The harpy simulacrum closely misses you.
A tentacle flies out from the starspawn's body!
The wretched star glows turbulently.
The lance of force hits you!
You are knocked back by the lance of force.
You collide with the harpy simulacrum!
The harpy simulacrum is heavily damaged.
A starspawn tentacle comes into view.
The starspawn tentacle constricts you.
The deep elf knight casts a spell.
The deep elf knight flickers and vanishes!
Deactivating autopickup; reactivate with Ctrl-A.
The deep elf pyromancer hits you but does no damage.
You escape the starspawn tentacle's grasp.
The harpy simulacrum claws you. The harpy simulacrum freezes you! You resist.
* * * LOW HITPOINT WARNING * * *
The harpy simulacrum claws you!
* * * LOW HITPOINT WARNING * * *
The harpy simulacrum freezes you! You resist.
You die...

....... .......
....... .......
#......#.......
...............
....Z..........
..........*.#..
4...............
...p..Z@e*.....
.....#..*Xw#.....
...#....wxe......
.................
# ..#...{§.......
.................
..........#......
§§...............
§......#.#.......


You could see a tentacled starspawn, 3 wretched stars, a deep elf pyromancer
(summoned), a necromancer, a worldbinder, a deep elf zephyrmancer (summoned), 2
starspawn tentacles, a harpy simulacrum and a stone giant zombie.

Vanquished Creatures
  A two-headed ogre (D:11)
  A manticore (D:11)
  2 unseen horrors (D:10)
  Maggie (D:7)
  3 hornets
  2 trolls
  5 yaks (D:7)
  A vampire (D:10)
  A wraith (D:9)
  Eustachio (D:4)
  Menkaure (D:7)
  A water moccasin (D:9)
  3 sky beasts
  3 orc warriors
  5 black bears
  8 centaurs
  A phantom (D:5)
  4 kobold brigands
  3 necrophages
  4 scorpions
  4 bullfrogs
  10 wights
  4 killer bees (D:9)
  3 howler monkeys (D:7)
  3 jellies
  5 orc priests
  2 hounds
  5 iguanas
  4 orc wizards
  A gnoll (D:7)
  9 adders
  2 worms
  2 dart slugs
  25 orcs
  6 bats
  8 endoplasms
  2 giant cockroaches
  8 goblins
  9 hobgoblins
  8 jackals
  A quokka (D:4)
  4 ball pythons
  3 frilled lizards
  27 kobolds
  5 rats
  A starspawn tentacle (Abyss:2)
212 creatures vanquished.

Vanquished Creatures (others)
  3 orcs (D:5)
  18 fungi (D:9)
  16 plants (D:9)
37 creatures vanquished.

Grand Total: 249 creatures vanquished

Notes
Turn   | Place    | Note
-------+----------+-------------------------------------------
     0 | D:1      | quakins the Hill Orc Fighter began the quest for the Orb.
     0 | D:1      | Reached XP level 1. HP: 19/19 MP: 1/1
    79 | D:1      | Reached skill level 3 in Axes
   522 | D:1      | Reached XP level 2. HP: 27/27 MP: 2/2
   553 | D:1      | Found a faded altar of an unknown god.
   858 | D:1      | Reached skill level 4 in Axes
  1418 | D:2      | Reached XP level 3. HP: 33/33 MP: 3/3
  1685 | D:2      | Reached skill level 5 in Axes
  1788 | D:2      | Reached XP level 4. HP: 30/40 MP: 4/4
  2234 | D:3      | Found a one-way gate to the infinite horrors of the Abyss.
  2234 | D:3      | Noticed tardwrangler69's ghost (amateur OpEE)
  2241 | D:3      | Reached skill level 6 in Axes
  2255 | D:3      | Found a transporter.
  2296 | D:3      | Noticed a small abomination
  2330 | D:3      | Found a transporter.
  2336 | D:3      | Noticed a kobold brigand
  2912 | D:4      | Reached XP level 5. HP: 43/46 MP: 5/5
  2958 | D:3      | Reached skill level 7 in Axes
  3074 | D:4      | Noticed Eustachio
  3092 | D:4      | Killed Eustachio
  3093 | D:4      | Reached skill level 8 in Axes
  3093 | D:4      | Reached XP level 6. HP: 28/52 MP: 6/6
  3097 | D:4      | Reached skill level 9 in Axes
  3336 | D:4      | Reached XP level 7. HP: 58/58 MP: 7/7
  3569 | D:4      | Found a staircase to the Ecumenical Temple.
  3604 | D:4      | Reached skill level 10 in Axes
  3859 | D:4      | Found a stormy altar of Qazlal.
  4063 | D:5      | Entered Level 5 of the Dungeon
  4072 | D:5      | Became a worshipper of Beogh the Brigand
  4168 | D:5      | Reached skill level 5 in Fighting
  4247 | D:5      | Found a snail-covered altar of Cheibriados.
  4248 | D:5      | Found an iron altar of Okawaru.
  4249 | D:5      | Found an ancient bone altar of Kikubaaqudgha.
  4249 | D:5      | Found a burning altar of Makhleb.
  4335 | D:5      | Reached XP level 8. HP: 45/71 MP: 8/8
  4801 | D:6      | Reached skill level 5 in Armour
  5250 | D:6      | Found a shimmering blue altar of Sif Muna.
  5604 | D:7      | Reached * piety under Beogh
  5697 | D:7      | Reached skill level 11 in Axes
  5846 | D:7      | Reached XP level 9. HP: 65/79 MP: 9/9
  5995 | D:7      | Noticed Menkaure
  6004 | D:7      | Killed Menkaure
  6005 | D:7      | Reached skill level 12 in Axes
  6695 | D:7      | Noticed a hornet
  6703 | D:7      | Killed a hornet
  6704 | D:7      | Reached skill level 13 in Axes
  6743 | D:7      | Noticed Maggie
  6756 | D:7      | Killed Maggie
  6997 | D:7      | Found a runed translucent door.
  6997 | D:7      | Found a shimmering altar of Xom.
  6997 | D:7      | Noticed lanetrain's ghost (novice MfSu)
  6998 | D:7      | Noticed a +2 war axe of chaos
  7392 | D:7      | Reached skill level 14 in Axes
  7393 | D:8      | Noticed a troll
  7405 | D:7      | Reached skill level 15 in Axes
  7646 | D:8      | Noticed a hornet
  7656 | D:7      | Reached XP level 10. HP: 63/86 MP: 10/10
  8053 | D:8      | Reached skill level 16 in Axes
  8453 | D:8      | Paralysed by a hornet for 1 turns
  8458 | D:8      | Reached skill level 5 in Invocations
  8715 | D:8      | Noticed a moth of wrath
  8716 | D:8      | Noticed Godmorgon's ghost (novice DjIE)
  8723 | D:8      | Found a transporter.
  8750 | D:8      | Found a transporter.
  9022 | D:9      | Noticed hawla's ghost (journeyman MeFE)
  9028 | D:9      | Found a runed translucent door.
  9150 | D:9      | Reached ** piety under Beogh
  9929 | D:9      | Found a staircase to the Orcish Mines.
  9948 | D:9      | Reached skill level 10 in Fighting
 10138 | D:9      | Found a staircase to the Lair.
 10252 | D:10     | Entered Level 10 of the Dungeon
 10377 | D:10     | Killed an unseen horror
 10378 | D:10     | Reached XP level 11. HP: 35/101 MP: 15/15
 11443 | D:11     | Noticed a six-headed hydra
 11489 | D:11     | Found Ifynimeher's Armour Shop.
 11539 | D:11     | Noticed a manticore
 11552 | D:11     | Killed a manticore
 11701 | D:11     | Noticed a two-headed ogre
 11704 | D:11     | Killed a two-headed ogre
 11900 | D:11     | Noticed a wizard
 11903 | Abyss:2  | Found a corrupted altar of Lugonu.
 11903 | Abyss:2  | Cast into level 2 of the Abyss (a wizard)
 11910 | Abyss:2  | Found a hazy altar of Hepliaklqana.
 11928 | Abyss:2  | Noticed a wretched star
 11929 | Abyss:2  | Noticed a tentacled starspawn
 11930 | Abyss:2  | Noticed a worldbinder
 11933 | Abyss:2  | Noticed a wretched star
 11934 | Abyss:2  | Noticed a necromancer
 11934 | Abyss:2  | Noticed a wretched star
 11937 | Abyss:2  | Noticed a deep elf knight
 11938 | Abyss:2  | Noticed a deep elf knight
 11938 | Abyss:2  | Noticed a deep elf zephyrmancer
 11938 | Abyss:2  | Noticed a deep elf pyromancer
 11939 | Abyss:2  | Slain by a harpy simulacrum

Illustrated notes

Levels and vault maps discovered:
D:1:      ncdulo_wetmaze, layout_loops_ring, hellmonk_ecumenical_altar_run_dry,
          solitary_fountain
D:2:      layout_loops_cross
D:3:      layout_loops_ring, gammafunk_ghost_abyssal_escape
D:4:      layout_basic, kennysheep_mini, minmay_temple_entry_sparse_star,
          uniq_eustachio
D:5:      layout_rooms, mainiacjoe_overflow_alcove_3,
          hangedman_abyss_or_decor_stagger
D:6:      layout_basic, lemuel_tele_altar, kennysheep_generic_room_15
D:7:      layout_basic, ebering_ghost_xom, minmay_bent, uniq_menkaure,
          uniq_maggie
D:8:      layout_rooms, gammafunk_ghost_berserking_beasts
D:9:      layout_roguey, grunt_lair_entry_orc_guard_hut, orc_0_dummy,
          hellmonk_ghost_big_iron
D:10:     layout_long_grid, kennysheep_windowed_goal
D:11:     minmay_polygon_palace, layout_irregular_city, serial_shops,
          nicolae_shop_waterfront, kennysheep_generic_room_8
Abyss:2

Skill      XL: |  1  2  3  4  5  6  7  8  9 10 11 |
---------------+----------------------------------+-----
Axes           | 3 4 5 6 8 9 10 11 15 16 | 16.0
Fighting       | 6 7 10 12 | 12.0
Armour         | 6 |  6.0
Invocations    | 6 7 |  7.3
Shields        | |  3.3

Action                   |  1- 3 |  4- 6 |  7- 9 | 10-12 || total
-------------------------+-------+-------+-------+-------++-------
Melee: War axe           |   112 |   111 |   294 |   117 ||   634
       Battleaxe         |       |       |       |   105 ||   105
Invok: Convert to Beogh  |       |       |     1 |       ||     1
       Smiting           |       |       |       |     7 ||     7
Evoke: Wand              |       |       |     7 |     2 ||     9
  Use: Scroll            |     6 |       |     1 |     3 ||    10
       Potion            |       |     1 |     1 |     1 ||     3
Armor: Scale mail        |    41 |       |       |       ||    41
       Plate armour      |    41 |   116 |   199 |   227 ||   583
Dodge: Dodged            |    48 |    35 |    71 |    78 ||   232
Block: Buckler           |    24 |    20 |    60 |    14 ||   118
